 Dungeon Crawl Stone Soup version 0.18-a0-1764-gf4ddf0b (webtiles) character file.

22 nono the Sneak (level 2, 0/13 HPs)
             Began as a Vine Stalker Enchanter on Apr 13, 2016.
             Slain by a hobgoblin
             ... wielding a +0 club
              (6 damage)
             ... on level 1 of the Dungeon.
             The game lasted 00:01:16 (507 turns).

nono the Sneak (Vine Stalker Enchanter)              Turns: 507, Time: 00:01:17

Health: 0/13       AC:  3    Str: 10    XL:     2   Next: 91%
Magic:  0/6        EV: 12    Int: 19    God:
Gold:   18         SH:  0    Dex: 14    Spells: 2 memorised, 2 levels left

rFire  . . .     SeeInvis .     a - +1 dagger
rCold  . . .     Gourm    .     b - +1 robe
rNeg   . . .     Faith    .     (no shield)
rPois  .         Spirit   +     (no helmet)
rElec  .         Dismiss  .     (no cloak)
rCorr  .         Reflect  .     (no gloves)
SustAt .         Harm     .     (no boots)
MR     .....                    (no amulet)
Stlth  +++.......               (no ring)
                                e - +4 ring of intelligence

@: not resistant to hostile enchantments, fairly stealthy
A: fangs 2, regeneration 1, magic shield, antimagic bite, no device heal 3, rot
immunity
a: no special abilities


You were on level 1 of the Dungeon.
You were not hungry.

You visited 1 branch of the dungeon, and saw 1 of its levels.

You collected 18 gold pieces.

Inventory:

Hand Weapons
 a - a +1 dagger (weapon)
Armour
 b - a +1 robe (worn)
Jewellery
 e - a +4 ring of intelligence (left hand)
Scrolls
 g - a scroll of recharging {unknown}
Books
 c - a book of Maledictions

   Spells                             Type                      Level
   a - Corona                         Hexes                        1
   b - Ensorcelled Hibernation        Hexes/Ice                    2
   c - Confuse                        Hexes                        3
   d - Tukima's Dance                 Hexes                        3
   e - Dazzling Spray                 Conjuration/Hexes            3
Comestibles
 d - a bread ration
 f - a meat ration


   Skills:
 + Level 1.6 Short Blades
 - Level 1.5 Dodging
 + Level 3.8 Stealth
 + Level 2.3 Spellcasting
 + Level 3.3 Hexes


You had 2 spell levels left.
You knew the following spells:

 Your Spells              Type           Power        Failure   Level  Hunger
a - Corona                Hex            ###....      6%          1    #......
b - Ensorcelled Hibernat  Hex/Ice        #.....       14%         2    ##.....


Dungeon Overview and Level Annotations

Branches:
Dungeon (1/15)

Altars:


Innate Abilities, Weirdness & Mutations

You have extremely sharp teeth.
Your natural rate of healing is unusually fast.
When hurt, damage is shared between your health and your magic reserves.
Your bite disrupts and absorbs the magic of your enemies.
Potions and wands cannot restore your health.
You are immune to rotting.


Message History

Press: ? - help, Shift-Dir - straight line, f - hobgoblin
Aim: a hobgoblin, wielding a club (chance to defeat MR: 84%)
The hobgoblin is outlined in light.
The hobgoblin hits you with a club.
You hit the hobgoblin but do no damage. Your bite misses the hobgoblin.
The hobgoblin hits you with a club.
You hit the hobgoblin but do no damage.
You bite the hobgoblin, but do no damage.
The hobgoblin hits you with a club.
You hit the hobgoblin.
The hobgoblin is moderately wounded.
The hobgoblin closely misses you.
You hit the hobgoblin but do no damage.
The hobgoblin is moderately wounded.
You hit the hobgoblin.
The hobgoblin is almost dead.
The hobgoblin barely misses you.
You hit the hobgoblin but do no damage.
The hobgoblin is almost dead.
The hobgoblin hits you with a club!
You die...

### ... #####.###....)
....## .>...#............[
......# ..'##.###.##......
.....#. ...##.# #.##......
....#..#...##.###.##......
#.[#....#..##.....##.#'#).
#.....#.........##.#.#..
#.g..g#.........##†#†#..
#..#...†#@........##.#.#..
....#..#g...########.#.##.
.....#.#....# #.#....
......#.....# #.#####
....##..#...########.....#
####...##...........####.#
...## ##..........### #
..## #............# .
#............# #


You could see a hobgoblin.

Vanquished Creatures
  An ooze (D:1)
  A dart slug (D:1)
  2 giant geckos (D:1)
  A giant cockroach (D:1)
  2 hobgoblins (D:1)
  A kobold (D:1)
  A bat (D:1)
  A giant newt (D:1)
  2 goblins (D:1)
  2 rats (D:1)
14 creatures vanquished.

Notes
Turn   | Place    | Note
--------------------------------------------------------------
     0 | D:1      | nono the Vine Stalker Enchanter began the quest for the Orb.
     0 | D:1      | Reached XP level 1. HP: 9/9 MP: 4/4
    20 | D:1      | Reached skill level 1 in Short Blades
    56 | D:1      | Reached XP level 2. HP: 13/13 MP: 4/6
   184 | D:1      | Learned a level 2 spell: Ensorcelled Hibernation
   507 | D:1      | Slain by a hobgoblin

Vault maps used:
D:1:      dpeg_arrival_arbitrary_b, minmay_circled_x

Skill      XL: |  1 |
---------------+----+-----
Short Blades   | 1 |  1.6
Dodging        | |  1.5
Stealth        | |  3.8
Spellcasting   | |  2.3
Hexes          | |  3.3

Action                   || total
-------------------------++-------
Melee: Dagger            ||    48
       Bite              ||    10
 Cast: Corona            ||     3
 Stab: Sleeping          ||     4
Armor: Robe              ||     6
Dodge: Dodged            ||    23
